 Dungeon Crawl Stone Soup version 0.19.5 (console) character file.

39 Grinner the Skirmisher (level 3, -2/42 HPs)
             Began as an Ogre Fighter on Mar 19, 2017.
             Was an Initiate of Okawaru.
             Slain by spacegoji's ghost (3 damage)
             ... on level 3 of the Dungeon.
             The game lasted 00:04:15 (1605 turns).

Grinner the Skirmisher (Ogre Fighter)               Turns: 1605, Time: 00:04:16

Health: -2/42      AC:  3    Str: 27    XL:     3   Next: 45%
Magic:  3/3        EV: 10    Int:  7    God:    Okawaru [......]
Gold:   100        SH:  0    Dex:  9    Spells: 1 memorised, 0 levels left

rFire  . . .     SeeInvis .     a - +0 flail
rCold  . . .     Gourm    .     b - +0 robe
rNeg   . . .     Faith    .     (no shield)
rPois  .         Spirit   .     u - +0 hat
rElec  .         Reflect  .     (no cloak)
rCorr  .         Harm     .     (gloves unavailable)
MR     .....                    (boots unavailable)
Stlth  +.........               (no amulet)
                                (no ring)
                                (no ring)

@: mighty
A: unfitting armour, tough skin 1
a: Renounce Religion


You were on level 3 of the Dungeon.
You worshipped Okawaru.
Okawaru was noncommittal.
You were not hungry.

You visited 1 branch of the dungeon, and saw 3 of its levels.

You collected 100 gold pieces.

Inventory:

Hand Weapons
 a - a +0 flail (weapon)
Armour
 b - a +0 robe (worn)
 c - a +0 shield
 q - a +0 large shield
 u - a +0 hat (worn)
Scrolls
 e - a scroll of immolation {unknown}
 k - 3 scrolls of identify {unknown}
 m - a scroll of magic mapping {unknown}
 n - a scroll of random uselessness {unknown}
 p - 2 scrolls of teleportation {unknown}
Potions
 h - a potion of haste {unknown}
 i - a potion of cure mutation {unknown}
 j - 2 potions of magic {unknown}
 l - 2 potions of lignification {unknown}
 o - a potion of agility {unknown}
 r - a potion of curing {unknown}
Books
 s - a book of Minor Magic

   Spells                             Type                      Level
   a - Magic Dart                     Conjuration                  1
   b - Blink                          Translocation                2
   c - Call Imp                       Summoning                    2
   d - Repel Missiles                 Charms/Air                   2
   e - Slow                           Hexes                        2
   f - Conjure Flame                  Conjuration/Fire             3
   g - Mephitic Cloud                 Conjuration/Poison/Air       3
Comestibles
 f - a bread ration
 g - a meat ration


   Skills:
 + Level 5.0 Fighting
 + Level 3.9 Maces & Flails
 - Level 2.6 Dodging
 - Level 2.6 Shields


You couldn't memorise any spells.
You knew the following spells:

 Your Spells              Type           Power        Failure   Level  Hunger
b - Blink                 Tloc           N/A          73%         2    ###....


Dungeon Overview and Level Annotations

Branches:
Dungeon (3/15)

Altars:
Okawaru

Annotations:
D:3 spacegoji's ghost, amateur DsGl


Innate Abilities, Weirdness & Mutations

You are too large for most types of armour.
You have tough skin. (AC +1)


Message History

Spacegoji's ghost barely misses you.
You are too injured to fight recklessly!
You hit spacegoji's ghost but do no damage.
Spacegoji's ghost is severely damaged.
Spacegoji's ghost closely misses you.
You barely miss spacegoji's ghost.
Spacegoji's ghost is severely damaged.
Spacegoji's ghost grins evilly.
Spacegoji's ghost barely misses you.
You hit spacegoji's ghost.
Spacegoji's ghost is almost destroyed.
Spacegoji's ghost hits you.
* * * LOW HITPOINT WARNING * * *
You completely miss spacegoji's ghost.
Spacegoji's ghost is almost destroyed.
Spacegoji's ghost hits you but does no damage.
You hit spacegoji's ghost.
Spacegoji's ghost is almost destroyed.
Spacegoji's ghost hits you.
You die...

#.# #.#....# ##.#
#.#..### ####..#
#....#
##....#####..##
###..####......#
#...##......##.#
##.###.....####.#
..#...........#
#..
#.#..##@......#
#.##
#....##.W.....#
###
##...........##
......#.......#
#..###.#.......#
. ....
#..........# .
..# #.#.......##
#........##
#..#.#..##


You could see spacegoji's ghost.

Vanquished Creatures
  2 worms (D:3)
  3 giant cockroaches (D:1)
  4 goblins (D:1)
  4 hobgoblins (D:1)
  A quokka (D:3)
  3 ball pythons (D:1)
  2 bats (D:1)
  2 frilled lizards (D:1)
  5 kobolds
  7 rats (D:1)
33 creatures vanquished.

Notes
Turn   | Place    | Note
-------+----------+-------------------------------------------
     0 | D:1      | Grinner the Ogre Fighter began the quest for the Orb.
     0 | D:1      | Reached XP level 1. HP: 24/24 MP: 1/1
    36 | D:1      | Found an iron altar of Okawaru.
    56 | D:1      | Became a worshipper of Warmaster Okawaru
   150 | D:1      | Reached XP level 2. HP: 30/33 MP: 2/2
   672 | D:1      | Reached XP level 3. HP: 39/40 MP: 3/3
  1195 | D:2      | You fall through a shaft!
  1261 | D:3      | Learned a level 2 spell: Blink
  1297 | D:3      | Reached skill level 5 in Fighting
  1591 | D:3      | Noticed spacegoji's ghost (amateur DsGl)
  1603 | D:3      | HP: 1/42 [spacegoji's ghost (4)]
  1605 | D:3      | Slain by spacegoji's ghost

Skill      XL: |  1  2  3 |
---------------+----------+-----
Maces & Flails | 3 |  3.9
Fighting       | 5 |  5.0
Dodging        | |  2.6
Shields        | |  2.6

Action                   || total
-------------------------++-------
Melee: Flail             ||   119
  Use: Potion            ||     1
  Eat: Chunk             ||     2
Armor: Robe              ||    34
Dodge: Dodged            ||    65
